 Dungeon Crawl Stone Soup version 0.17-a0-1646-geb1493d (webtiles) character file.

807 urechis the Magician (level 7, -11/42 HPs)
             Began as a Gargoyle Wizard on Aug 11, 2015.
             Mangled by CipHuK's ghost (13 damage)
             ... on level 6 of the Dungeon.
             The game lasted 00:15:31 (6118 turns).

urechis the Magician (Gargoyle Wizard)              Turns: 6118, Time: 00:15:31

Health: -11/42     AC:  9    Str: 10    XL:     7   Next: 92%
Magic:  13/15      EV: 11    Int: 21    God:
Gold:   382        SH:  0    Dex:  8    Spells: 5 memorised, 5 levels left

rFire  . . .     SeeInvis .     a - +3 quarterstaff (chaos)
rCold  . . .     Clarity  .     A - +0 robe
rNeg   + . .     SustAt   .     (no shield)
rPois  ∞         Gourm    .     n - +2 hat
rElec  +         Spirit   .     z - +0 cloak
rCorr  .         Warding  .     (no gloves)
rMut   .         Stasis   .     (no boots)
MR     +....                    (no amulet)
Stlth  ++........               (no ring)
                                s - ring of protection from magic

@: somewhat resistant to hostile enchantments, unstealthy
A: negative energy resistance 1, electricity resistance, unbreathing,
petrification resistance, rot immunity, AC +4
a: no special abilities


You were on level 6 of the Dungeon.
You were not hungry.

You visited 1 branch of the dungeon, and saw 6 of its levels.

You collected 382 gold pieces.

Inventory:

Hand weapons
 a - a +3 quarterstaff of chaos (weapon)
Armour
 n - a +2 hat (worn)
 z - a +0 cloak (worn)
 A - a +0 robe (worn)
Jewellery
 s - a ring of protection from magic (left hand)
Magical devices
 y - a wand of lightning (11)
Scrolls
 e - 2 scrolls of teleportation
 f - a scroll of blinking
 o - a scroll of immolation
 x - a scroll of fog
Potions
 b - a potion of berserk rage {unknown}
 g - a potion of brilliance {unknown}
 h - a potion of resistance {unknown}
 i - 2 potions of degeneration {unknown}
 j - a potion of beneficial mutation {unknown}
 k - a potion of lignification {unknown}
 m - 3 potions of mutation {unknown}
 p - a potion of ambrosia {unknown}
 r - 2 potions of haste {unknown}
 u - a potion of poison {unknown}
 w - 6 potions of agility {unknown}
 B - a potion of flight {unknown}
 D - a potion of heal wounds {unknown}
 G - a potion of invisibility {unknown}
Comestibles
 d - 5 bread rations
 l - 5 meat rations
 q - 2 chunks of flesh
 t - a beef jerky


   Skills:
 * Level 3.9 Fighting
 + Level 3.3 Staves
 - Level 1.5 Dodging
 - Level 2.1 Stealth
 - Level 5.3 Spellcasting
 - Level 5.0 Conjurations
   Level 0.8 Summonings
 - Level 0.8 Translocations


You had 5 spell levels left.
You knew the following spells:

 Your Spells              Type           Power        Failure   Level  Hunger
a - Magic Dart            Conj           ####         1%          1    None
b - Blink                 Tloc           N/A          12%         2    None
c - Mephitic Cloud        Conj/Pois/Air  ##......     17%         3    ##.....
d - Conjure Flame         Conj/Fire      ###.....     14%         3    ##.....
e - Repel Missiles        Chrm/Air       #.....       17%         2    None


Dungeon Overview and Level Annotations

Branches:
Dungeon (6/15)
 Temple: D:4-7

Altars:
Gozag
Makhleb
Nemelex Xobeh

Annotations:
D:6 CipHuK's ghost, experienced OgHu


Innate Abilities, Weirdness & Mutations

You are resistant to torment.
Your stone body is resilient (AC +4).
You are immune to poison.
You resist negative energy.
You are resistant to electric shocks.
You can survive without breathing.
You are immune to petrification.
You are immune to rotting.


Message History

CipHuK's ghost is lightly damaged.
CipHuK's ghost hits you but does no damage.
Your orc zombie hits CipHuK's ghost but does no damage.
You hit CipHuK's ghost.
CipHuK's ghost is lightly damaged.
CipHuK's ghost hits you.
Your orc zombie closely misses CipHuK's ghost.
You barely miss CipHuK's ghost.
CipHuK's ghost is lightly damaged.
CipHuK's ghost hits you.
Your orc zombie hits CipHuK's ghost but does no damage.
You sock CipHuK's ghost!
CipHuK's ghost seems to speed up.
CipHuK's ghost is moderately damaged.
CipHuK's ghost hits you!
* * * LOW HITPOINT WARNING * * *
CipHuK's ghost hits you!
* * * LOW HITPOINT WARNING * * *
Your orc zombie hits CipHuK's ghost but does no damage.
CipHuK's ghost hits you!
You die...

#........## #.
#.........+ . # #..
......# '. .. ..... #.
#' #...
###+####..##.##'#### ..
.......+....)......##...
.......#................
#......#......ZW@.......
#.....##+######....##...
#.....##.....##....##
....................+
.................(..#
...................(#
#.##..###....##.##.##
#†##+#####'####.# .#
.......Z............


You could see CipHuK's ghost and a friendly orc zombie.

Vanquished Creatures
  A centaur (D:6)
  A gnoll shaman (D:4)
  Crazy Yiuf (D:2)
  2 orc priests
  An iguana (D:5)
  2 giant frog skeletons
  Jessica (D:2)
  2 orc wizards
  4 worker ants
  A hound skeleton (D:4)
  9 gnolls
  7 adders
  A shadow imp (D:5)
  An ooze (D:5)
  An adder zombie (D:5)
  An adder skeleton (D:6)
  5 worms
  4 giant geckos
  16 orcs
  9 bats
  3 giant cockroaches
  17 hobgoblins
  9 jackals
  20 kobolds
  3 quokkas
  3 giant newts
  14 goblins
  9 rats
148 creatures vanquished.

Vanquished Creatures (collateral kills)
  An orc (D:6)
1 creature vanquished.

Grand Total: 149 creatures vanquished

Notes
Turn   | Place    | Note
--------------------------------------------------------------
     0 | D:1      | urechis the Gargoyle Wizard began the quest for the Orb.
     0 | D:1      | Reached XP level 1. HP: 10/10 MP: 4/4
   123 | D:1      | Reached XP level 2. HP: 12/15 MP: 1/6
   925 | D:1      | Reached XP level 3. HP: 5/19 MP: 2/7
  1650 | D:2      | Noticed Jessica
  1655 | D:2      | Killed Jessica
  1655 | D:2      | Reached XP level 4. HP: 11/24 MP: 3/9
  1951 | D:2      | Reached skill level 4 in Spellcasting
  2318 | D:2      | Found an opulent altar of Gozag.
  2319 | D:2      | Found a sparkling altar of Nemelex Xobeh.
  2536 | D:2      | Found a burning altar of Makhleb.
  2660 | D:2      | Learned a level 2 spell: Blink
  2664 | D:2      | Learned a level 3 spell: Mephitic Cloud
  2665 | D:2      | Noticed Crazy Yiuf
  2677 | D:2      | Killed Crazy Yiuf
  2677 | D:2      | Reached XP level 5. HP: 15/28 MP: 8/11
  3375 | D:4      | Reached XP level 6. HP: 32/32 MP: 13/13
  3570 | D:4      | Reached skill level 5 in Spellcasting
  3611 | D:4      | Got a transparent ring mail
  4153 | D:4      | Reached skill level 5 in Conjurations
  4164 | D:4      | Identified the +4 ring mail "Nacots" {+Fly rPois Int-5} (You found it on level 4 of the Dungeon)
  4698 | D:5      | Entered Level 5 of the Dungeon
  4701 | D:5      | Reached skill level 1 in Staves
  4711 | D:4      | Reached skill level 1 in Fighting
  4711 | D:4      | Reached XP level 7. HP: 13/38 MP: 9/15
  6015 | D:6      | Learned a level 3 spell: Conjure Flame
  6018 | D:6      | Learned a level 2 spell: Repel Missiles
  6106 | D:6      | Noticed CipHuK's ghost (experienced OgHu)
  6117 | D:6      | HP: 2/42 [CipHuK's ghost (10)]
  6118 | D:6      | Mangled by CipHuK's ghost

Vault maps used:
D:1:      dpeg_arrival_brainrot
D:2:      grunt_temple_overflow_opulence, lightli_temple_of_fire, first_bread,
          uniq_crazy_yiuf_cottage, uniq_jessica
D:3:      minmay_unequal
D:4:      corexii_shantytown, kennysheep_windowed_goal
D:5:      wad_lake_hut
D:6:      serial_shops, shop

Action                   |  1- 3 |  4- 6 |  7- 9 || total
-------------------------+-------+-------+-------++-------
Melee: Club              |    39 |       |       ||    39
       Short sword       |    20 |       |       ||    20
       Mace              |    10 |    16 |       ||    26
       Hammer            |       |    15 |       ||    15
       Quarterstaff      |       |   169 |    70 ||   239
 Cast: Magic Dart        |    77 |   110 |    54 ||   241
       Mephitic Cloud    |       |     1 |       ||     1
 Abil: Evoke Flight      |       |     1 |       ||     1
  Use: Scroll            |       |     7 |     1 ||     8
 Stab: Paralysed         |       |     2 |       ||     2
  Eat: Chunk             |     2 |    10 |     3 ||    15
       Royal jelly       |       |       |     1 ||     1
